Map: Frozen Temple

Players

Miszu

  • Race: Zerg Zerg
  • League: Master

llllllllllll - Winner!

  • Race: Protoss Protoss
  • League: Master

VOD

Have the link to the VOD?

Description

Time

  • Played on: June 27, 2016, 10:50 a.m.
  • Length: 6:40
Show
View Real Time Build Order
Export as new Build Order

Miszu Zerg 

Build Orders: Hatch First 

Get SALT Encoding   

  12  0:01  Drone  
  13  0:12  Overlord  
  13  0:18  Drone  
  14  0:31  Drone x2  
  16  0:39  Drone  
  17  0:45  Drone  
  18  0:56  Hatchery  
  17  0:59  Drone  
  17  1:01  Extractor  
  17  1:14  Spawning Pool  
  16  1:27  Drone  
  17  1:35  Drone  
  17  1:36  Drone  
  17  1:39  Overlord  
  19  2:01  Queen  
  19  2:03  Metabolic Boost  
  21  2:08  Queen  
  21  2:10  Zergling x4  
  25  2:16  Drone x2  
  25  2:20  Drone  
  28  2:25  Drone  
  29  2:31  Drone  
  30  2:37  Drone  
  31  2:49  Drone x2  
  33  2:51  Overlord  
  33  3:02  Hatchery  
  33  3:05  Drone x2  
  34  3:13  Drone x4  
  34  3:16  Drone  
  39  3:21  Queen  
  41  3:30  Overlord  
  41  3:32  Overlord  
  41  3:41  Baneling Nest  
  41  3:47  Drone x4  
  44  3:50  Extractor  
  44  3:51  Extractor, Lair  
  44  3:53  Drone  
  44  3:54  Drone  
  44  3:55  Drone  
  45  3:58  Drone  
  45  4:02  Drone x2  
  48  4:06  Overlord  
  48  4:10  Zergling x4  
  48  4:14  Zergling x2  
  51  4:18  Zergling x2  
  51  4:19  Zergling x6  
  55  4:24  Zergling x8  
  55  4:27  Zergling x2  
  55  4:29  Zergling x2  
  61  4:33  Zergling x2  
  61  4:34  Baneling x5  
  61  4:37  Zergling x2  
  63  4:40  Zergling x2  
  63  4:45  Zergling x2  
  65  4:48  Zergling x2  
  64  4:55  Zergling x4, Evolution Chamber  
  64  4:58  Hydralisk Den  
  64  4:59  Centrifical Hooks, Baneling x2  
  65  5:01  Zergling x6  
  65  5:02  Baneling x2  
  65  5:04  Zergling x2  
  69  5:11  Zergling x8  
  73  5:19  Zergling x2  
  73  5:20  Overlord x2  
  74  5:27  Hydralisk  
  74  5:37  Overlord x2  
  74  5:42  Hydralisk  
  74  5:43  Hydralisk x2  
  74  5:44  Hydralisk  
  74  5:46  Zergling x2  
  83  5:51  Hydralisk  
  83  5:52  Hydralisk  
  83  5:56  Hydralisk  
  63  6:21  Zergling x4  
Show
View Real Time Build Order
Export as new Build Order

llllllllllll Protoss - Winner!

Build Orders: 1 Gate Expand 

Get SALT Encoding   

  12  0:02  Probe (Chrono Boost)  
  13  0:12  Probe (Chrono Boost)  
  14  0:18  Pylon  
  14  0:23  Probe (Chrono Boost)  
  15  0:37  Probe (Chrono Boost)  
  15  0:39  Gateway  
  16  0:47  Probe (Chrono Boost)  
  17  0:54  Assimilator  
  17  0:58  Probe (Chrono Boost)  
  18  1:20  Nexus  
  18  1:30  Cybernetics Core  
  18  1:34  Probe (Chrono Boost)  
  19  1:45  Probe (Chrono Boost)  
  20  1:48  Pylon  
  20  1:55  Probe (Chrono Boost)  
  20  1:59  Zealot  
  23  2:09  Warp Gate (Chrono Boost), Assimilator  
  23  2:14  Probe (Chrono Boost)  
  24  2:25  Probe (Chrono Boost)  
  24  2:26  Stalker  
  27  2:35  Probe (Chrono Boost)  
  28  2:38  Probe (Chrono Boost)  
  29  2:46  Mothership Core (Chrono Boost)  
  29  2:49  Gateway  
  31  2:55  Gateway  
  31  2:59  Probe (Chrono Boost)  
  31  3:03  Probe (Chrono Boost)  
  33  3:08  Sentry  
  35  3:13  Probe  
  35  3:17  Probe  
  37  3:25  Gateway  
  37  3:34  Gateway  
  37  3:38  Gateway  
  37  3:44  Gateway  
  37  3:47  Probe  
  37  3:49  Probe  
  37  3:55  Pylon  
  39  3:58  Probe  
  39  3:59  Pylon  
  39  4:02  Probe  
  41  4:07  Sentry x2  
  45  4:11  Pylon, Probe  
  45  4:15  Sentry  
  48  4:24  Adept  
  48  4:29  Adept  
  48  4:31  Adept x2  
  56  4:39  Adept x2  
  56  4:41  Sentry  
  62  4:49  Adept x2  
  62  4:52  Zealot  
  68  4:56  Zealot  
  70  5:00  Pylon  
  70  5:06  Pylon  
  70  5:15  Pylon  
  70  5:28  Zealot x2  
  70  5:29  Sentry, Zealot x3  
  70  5:31  Sentry  
  84  5:37  Gateway  
  84  5:42  Pylon  
  84  5:46  Pylon  
  84  5:49  Pylon  
  84  5:51  Sentry  
  86  6:00  Zealot  
  76  6:17  Zealot  
  76  6:18  Zealot x3  
  84  6:19  Sentry  
  84  6:20  Adept  
  84  6:21  Adept  
  90  6:33  Adept  
  90  6:38  Adept  
  90  6:39  Adept x3  
Tags
 
Add a new tag
Caveats
  • Supply blocks, unpowered buildings, or Contaminate may cause inaccurate times.
  • Supply counts are checked every 10 seconds.